 Dungeon Crawl Stone Soup version 0.17.1-3-g152610e (webtiles) character file.

95249 azaza322 the Peltast (level 16, -7/101 HPs)
             Began as a Gargoyle Fighter on Mar 31, 2016.
             Was the Champion of Okawaru.
             Mangled by an enormous slime creature (54 damage)
             ... on level 1 of the Pits of Slime.
             The game lasted 02:48:34 (27270 turns).

azaza322 the Peltast (Gargoyle Fighter)            Turns: 27270, Time: 02:48:34

Health: -7/101     AC: 37    Str: 24 (26) XL:     16   Next: 13%
Magic:  0/16       EV: 18    Int:  9      God:    Okawaru [******]
Gold:   1287       SH: 27    Dex: 22      Spells: 0 memorised, 15 levels left

rFire  . . .     SeeInvis .     a - +1 eveningstar (drain)
rCold  . . .     Clarity  +     W - +5 scale mail of Cuec {Dex+4}
rNeg   + . .     SustAt   .     X - +3 large shield {AC+3}
rPois  ∞         Gourm    .     e - +2 hat "Iviyxeng" {rElec rCorr}
rElec  +         Spirit   +     (no cloak)
rCorr  +         Warding  .     x - +0 pair of gloves
rMut   .         Stasis   .     F - +0 pair of boots
MR     +....                    G - amulet of guardian spirit
Stlth  ++........               n - +5 ring of strength
                                k - +5 ring of dexterity

@: somewhat resistant to hostile enchantments, unstealthy
A: antennae 2, big wings, claws 1, hooves 1, large bone plates 1, thin metallic
scales 1, agile 1, breathe flames 1, clarity, negative energy resistance 1,
electricity resistance, weak 2, unbreathing, petrification resistance, no device
heal 1, rot immunity, AC +11
a: Fly, Heroism, Finesse, Renounce Religion, Breathe Fire


You were on level 1 of the Pits of Slime.
You worshipped Okawaru.
Okawaru was exalted by your worship.
You were not hungry.

You visited 4 branches of the dungeon, and saw 26 of its levels.
You also visited: Labyrinth.

You collected 1317 gold pieces.

Inventory:

Hand Weapons
 a - a +1 eveningstar of draining (weapon)
 i - a +2 demon whip of flaming
 O - a +4 hand crossbow of flaming
 V - the +8 whip "Quhit" {slash, Str+5}
   (You found it on level 10 of the Dungeon)

   It inflicts extra damage upon your enemies.
   It affects your strength (+5).
Missiles
 L - 6 poisoned javelins (quivered)
Armour
 e - the +2 hat "Iviyxeng" (worn) {rElec rCorr}
   (Okawaru gifted it to you on level 2 of the Pits of Slime)

   It insulates you from electricity.
   It protects you from acid and corrosion.
 x - a +0 pair of gloves (worn)
 F - a +0 pair of boots (worn)
 W - the +5 scale mail of Cuec (worn) {Dex+4}
   (Okawaru gifted it to you on level 14 of the Dungeon)

   It affects your dexterity (+4).
 X - a +3 large shield of protection (worn)
 Y - a +1 ring mail of cold resistance
Jewellery
 k - a +5 ring of dexterity (left hand)
 n - a +5 ring of strength (right hand)
 o - an uncursed ring of protection from cold
 t - an uncursed ring of protection from fire
 G - an amulet of guardian spirit (around neck)
 Z - an uncursed amulet of resist mutation
Wands
 b - a wand of frost (48)
 c - a wand of paralysis (5)
 K - a wand of teleportation (5)
 U - a wand of fireball (7)
Scrolls
 g - 6 scrolls of identify
 q - 13 scrolls of remove curse
 s - 5 scrolls of teleportation
 u - 2 scrolls of enchant armour
 w - a scroll of acquirement
 B - a scroll of recharging
 E - 2 scrolls of magic mapping
 M - a scroll of brand weapon
 T - a scroll of blinking
Potions
 h - 2 potions of agility
 p - 2 potions of invisibility
 r - a potion of beneficial mutation
 z - a potion of cure mutation
 A - a potion of cancellation
 D - 4 potions of lignification
 J - 3 potions of mutation
 N - 3 potions of flight
Miscellaneous
 m - a box of beasts
 R - a plain deck of defence
Comestibles
 l - 6 meat rations
 v - 5 slices of pizza
 I - 2 beef jerkies
 P - 22 fruits
 Q - a bread ration


   Skills:
 + Level 12.1 Fighting
 + Level 13.5 Maces & Flails
 + Level 0.8 Throwing
 + Level 10.2 Armour
 + Level 10.6 Dodging
 + Level 4.3 Stealth
 + Level 17.2 Shields
 + Level 0.1 Evocations


You had 15 spell levels left.
You didn't know any spells.

Dungeon Overview and Level Annotations

Branches:
Dungeon (14/15)            Temple (0/1) D:6            Lair (8/8) D:9
  Swamp (0/4) Lair:4        Snake (2/4) Lair:4        Slime (2/6) Lair:8
    Orc (0/4) D:10         Vaults (0/5) D:13

Altars:
Cheibriados
Elyvilon
Nemelex Xobeh
Okawaru
Vehumet
Xom
Zin
Jiyva

Shops:
D:10 :


Innate Abilities, Weirdness & Mutations

You are resistant to torment.
Your stone body is resilient (AC +11).
You are immune to poison.
Your large and strong wings let you fly indefinitely.
You resist negative energy.
You are resistant to electric shocks.
You can survive without breathing.
You are immune to petrification.
You are immune to rotting.
You have a pair of antennae on your head.
You have sharp fingernails.
You have large cloven feet.
You are partially covered in large bone plates (AC +2, SH +2).
You are partially covered in thin metallic scales (AC +2).
You are agile. (Dex +2)
You can breathe flames.
You possess an exceptional clarity of mind.
You are very weak. (Str -4)
Potions and wands are less effective at restoring your health.


Message History

You bludgeon the enormous slime creature!!
You drain the enormous slime creature!
The enormous slime creature is heavily wounded.
You block the enormous slime creature's attack.
You block the large slime creature's attack.
The enormous slime creature barely misses you.
The slime creature hits you.
The slime creature hits you but does no damage.
You hit the enormous slime creature.
The enormous slime creature is severely wounded.
The enormous slime creature hits you!!!
You block the large slime creature's attack.
You block the enormous slime creature's attack.
You block the slime creature's attack. You block the slime creature's attack.
You puncture the enormous slime creature!
The enormous slime creature is lightly wounded.
The slime creature hits you. The enormous slime creature hits you!!!
Ouch! That really hurt!
You die...

...##........#.......#..J..
...........................
#............#........JJ...
##.........<...(.....>JJJ..
.##.##................J....
...........................
.#......JJ.................
#........JJ....#...........
##.......J@................
##........................
..##.............##.....#..
...........>....###...##...
#.#..............###..##...
# ##............## #......#
...............## #.##..#
#.....###........# ###..
##.### ##.......##


You could see 2 enormous slime creatures, a large slime creature and 2 slime
creatures.

Vanquished Creatures
  3 acid blobs
  Kirke (Lair:7)
  2 azure jellies (Slime:1)
  A greater naga (Snake:2)
  A minotaur (Lab)
  Josephine (D:12)
  4 hydras (Lair:7)
  An ice dragon (Lair:4)
  3 naga warriors (Snake:1)
  An anaconda (Snake:1)
  2 dancing weapons (D:13)
  A centaur warrior (D:12)
  6 death yaks (Lair:8)
  4 naga sharpshooters
  4 shock serpents (Snake:1)
  A salamander mystic (Snake:1)
  3 unseen horrors
  4 hill giants
  2 mana vipers (Snake:1)
  A manticore (D:13)
  A griffon (Lair:7)
  2 salamanders (Snake:1)
  12 ugly things
  12 elephants
  Maurice (D:10)
  9 black mambas
  A gargoyle (D:13)
  3 komodo dragons
  9 spiny frogs
  2 spriggan druids (Lair:8)
  4 trolls
  The ghost of kaze the Ducker, an amateur DrBe of Trog (D:4)
  A fire drake (Lair:8)
  2 two-headed ogres
  Grinder (D:6)
  Prince Ribbit (D:6)
  5 polar bears (Lair:8)
  11 blink frogs
  33 slime creatures
  11 spriggans (Lair:8)
  A trapdoor spider (Lab)
  2 deep elf magi
  A wyvern (D:10)
  9 redbacks (Lair:8)
  A hill giant zombie (D:10)
  A hog (Lair:7)
  33 yaks
  A vampire (D:12)
  5 hungry ghosts
  3 wraiths
  14 nagas
  14 hippogriffs
  34 wolves
  An insubstantial wisp (Lair:5)
  10 porcupines
  2 swamp drakes (Lair:5)
  14 vampire mosquitoes
  3 ice beasts
  5 phantoms
  A necrophage (D:11)
  12 water moccasins
  3 eyes of draining
  5 ogres
  12 black bears
  2 wasps (Lair:8)
  An orc warrior (D:9)
  5 sky beasts
  5 centaurs (D:12)
  24 giant frogs
  The ghost of warlockg3 the Vandal, an amateur KoHu (D:3)
  A big kobold (D:4)
  7 crocodiles
  Blork the orc (D:6)
  A brain worm (D:11)
  A troll zombie (D:10)
  3 killer bees (D:11)
  6 scorpions
  5 wights (D:6)
  5 hounds
  5 crimson imps
  3 orc priests
  17 jellies
  10 orc wizards
  A quasit (D:12)
  Ijyb (D:3)
  2 centaur zombies
  7 iguanas
  5 hell rats (Lair:6)
  12 sheep
  13 worker ants
  6 ogre zombies (D:10)
  A hound skeleton (D:5)
  28 river rats
  6 gnolls
  3 shadow imps
  11 adders
  2 white imps (Lair:4)
  3 oozes
  An adder skeleton (D:4)
  5 worms
  5 giant geckos
  29 orcs
  2 ball pythons
  15 goblins
  8 hobgoblins
  14 jackals
  3 quokkas
  11 bats
  7 giant cockroaches
  A giant gecko skeleton (D:4)
  8 giant newts
  A goblin skeleton (D:10)
  2 goblin zombies (D:10)
  A hobgoblin skeleton (D:10)
  A hobgoblin zombie (D:10)
  A jackal skeleton (D:6)
  6 kobolds
  4 orc skeletons (D:10)
  16 orc zombies (D:10)
  A quokka skeleton (D:4)
  9 rats
  2 bushes
  6 fungi
  10 plants
728 creatures vanquished.

Vanquished Creatures (collateral kills)
  A slime creature (Slime:1)
1 creature vanquished.

Vanquished Creatures (others)
  A naga warrior (Snake:2)
  A spiny frog (Lair:1)
  A human (Lair:8)
  A giant frog (Lair:1)
  2 jackals (D:6)
  A bush (Lair:8)
  32 fungi
  28 plants
67 creatures vanquished.

Grand Total: 796 creatures vanquished

Notes
Turn   | Place    | Note
--------------------------------------------------------------
     0 | D:1      | azaza322 the Gargoyle Fighter began the quest for the Orb.
     0 | D:1      | Reached XP level 1. HP: 14/14 MP: 1/1
   134 | D:1      | Reached XP level 2. HP: 13/19 MP: 2/2
   610 | D:1      | Reached XP level 3. HP: 18/24 MP: 3/3
  1108 | D:2      | Reached skill level 1 in Dodging
  1265 | D:2      | Reached XP level 4. HP: 29/29 MP: 4/4
  1494 | D:2      | Reached skill level 4 in Fighting
  1648 | D:3      | Noticed warlockg3's ghost (amateur KoHu)
  1676 | D:3      | Killed warlockg3's ghost
  1676 | D:3      | Reached XP level 5. HP: 31/33 MP: 5/5
  1726 | D:3      | Found a snail-covered altar of Cheibriados.
  1792 | D:3      | Noticed Ijyb
  1827 | D:3      | Killed Ijyb
  1987 | D:3      | Reached XP level 6. HP: 31/38 MP: 6/6
  2790 | D:4      | Noticed kaze's ghost (amateur DrBe)
  2921 | D:4      | Found a shimmering altar of Xom.
  2927 | D:4      | Found an iron altar of Okawaru.
  2929 | D:4      | Found a glowing silver altar of Zin.
  2947 | D:4      | Became a worshipper of Warmaster Okawaru
  3401 | D:4      | Reached skill level 5 in Shields
  3403 | D:4      | Found a sparkling altar of Nemelex Xobeh.
  3688 | D:4      | Killed kaze's ghost
  3688 | D:4      | Reached XP level 7. HP: 25/44 MP: 7/7
  3720 | D:4      | Gained mutation: You expend magic power (3 MP) to strengthen your wands. [helix card]
  3840 | D:5      | Entered Level 5 of the Dungeon
  3857 | D:5      | Reached * piety under Okawaru
  3904 | D:5      | Reached skill level 5 in Armour
  3987 | D:5      | Reached XP level 8. HP: 45/48 MP: 8/8
  3992 | D:5      | Gained mutation: You are clumsy. (Dex -2) [mutagenic meat]
  3993 | D:5      | Gained mutation: You have a pair of small antennae on your head. [mutagenic meat]
  3996 | D:5      | Gained mutation: You are occasionally teleported next to monsters. [mutagenic meat]
  3997 | D:5      | Gained mutation: You are robust (+10% HP). [mutagenic meat]
  4115 | D:5      | Reached skill level 6 in Shields
  4246 | D:5      | You fall through a shaft for 2 floors!
  4342 | D:7      | Reached skill level 5 in Fighting
  4359 | D:7      | Gained mutation: You are weak. (Str -2) [mutagenic meat]
  4361 | D:7      | Lost mutation: You are clumsy. (Dex -2) [mutagenic meat]
  4362 | D:7      | Gained mutation: You are partially covered in large bone plates (AC +2, SH +2). [mutagenic meat]
  4363 | D:7      | Gained mutation: Your mind is acute. (Int +2) [mutagenic meat]
  4461 | D:7      | Found a radiant altar of Vehumet.
  4920 | D:7      | Reached ** piety under Okawaru
  5149 | D:6      | Found a staircase to the Ecumenical Temple.
  5149 | D:6      | Noticed Blork the orc
  5187 | D:6      | Killed Blork the orc
  5221 | D:6      | Noticed Grinder
  5236 | D:6      | Killed Grinder
  5236 | D:6      | Reached skill level 7 in Shields
  5236 | D:6      | Reached XP level 9. HP: 45/59 MP: 9/9
  5391 | D:6      | Noticed Prince Ribbit
  5417 | D:6      | Reached skill level 5 in Maces & Flails
  5425 | D:6      | Killed Prince Ribbit
  5425 | D:6      | Reached *** piety under Okawaru
  5716 | D:6      | Reached skill level 8 in Shields
  6501 | D:8      | Reached skill level 5 in Dodging
  6501 | D:8      | Reached skill level 1 in Stealth
  6765 | D:8      | Lost mutation: You are occasionally teleported next to monsters. [mutagenic meat]
  6766 | D:8      | Lost mutation: You are robust (+10% HP). [mutagenic meat]
  6767 | D:8      | Gained mutation: You are agile. (Dex +2) [mutagenic meat]
  6768 | D:8      | Gained mutation: Potions and wands are less effective at restoring your health. [mutagenic meat]
  7010 | D:8      | Reached skill level 9 in Shields
  7050 | D:8      | Reached **** piety under Okawaru
  7050 | D:8      | Reached XP level 10. HP: 60/60 MP: 10/10
  7501 | D:9      | Found a staircase to the Lair.
  7566 | D:9      | Gained mutation: You are very agile. (Dex +4) [mutagenic meat]
  7567 | D:9      | Gained mutation: You possess an exceptional clarity of mind. [mutagenic meat]
  8300 | D:10     | Entered Level 10 of the Dungeon
  8345 | D:10     | Reached ***** piety under Okawaru
  8379 | D:10     | Got a steaming whip
  8380 | D:10     | Identified the +8 whip "Quhit" {slash, Str+5} (You found it on level 10 of the Dungeon)
  8552 | D:10     | Found Beubrock's Book Boutique.
  8667 | D:10     | Found a staircase to the Orcish Mines.
  8717 | D:10     | Reached skill level 10 in Shields
  9008 | D:10     | Noticed a hill giant
  9022 | D:10     | Killed a hill giant
  9081 | D:10     | Reached XP level 11. HP: 38/66 MP: 11/11
  9518 | D:10     | Noticed Maurice
  9561 | D:10     | Killed Maurice
  9674 | D:11     | Killed an unseen horror
  9913 | D:11     | Reached ****** piety under Okawaru
 10573 | D:12     | Noticed a centaur warrior
 10582 | D:12     | Reached skill level 11 in Shields
 10592 | D:12     | Received a gift from Okawaru
 10600 | D:12     | Killed a centaur warrior
 10806 | D:12     | Noticed Josephine
 10816 | D:12     | Killed Josephine
 10861 | D:12     | Lost mutation: Your mind is acute. (Int +2) [mutagenic meat]
 10862 | D:12     | Gained mutation: You have large cloven feet. [mutagenic meat]
 10863 | D:12     | Gained mutation: You are partially covered in thin metallic scales (AC +2). [mutagenic meat]
 10864 | D:12     | Lost mutation: You are very agile. (Dex +4) [mutagenic meat]
 11067 | D:12     | Found a white marble altar of Elyvilon.
 11114 | D:12     | Reached XP level 12. HP: 42/74 MP: 12/12
 11382 | D:12     | Received a gift from Okawaru
 11678 | D:13     | Noticed an enchanted long sword
 11689 | D:13     | Killed an enchanted long sword
 11702 | D:13     | Noticed an enchanted long sword
 11719 | D:13     | Killed an enchanted long sword
 11719 | D:13     | Reached skill level 12 in Shields
 11727 | D:13     | Found a gate to the Vaults.
 11914 | D:13     | Gained mutation: You are very weak. (Str -4) [mutagenic meat]
 11917 | D:13     | Lost mutation: You expend magic power (3 MP) to strengthen your wands. [mutagenic meat]
 11919 | D:13     | Lost mutation: Potions and wands are less effective at restoring your health. [mutagenic meat]
 12307 | D:14     | Got a faintly glowing rapier
 12415 | D:14     | Received a gift from Okawaru
 12440 | D:14     | Got a crude scale mail {god gift}
 12451 | D:14     | Identified the +5 scale mail of Cuec {Dex+4} (Okawaru gifted it to you on level 14 of the Dungeon)
 12649 | D:14     | Reached skill level 10 in Maces & Flails
 12709 | D:14     | Reached skill level 13 in Shields
 12717 | D:14     | Reached XP level 13. HP: 60/80 MP: 11/13
 12728 | D:14     | Gained mutation: You have a pair of antennae on your head. [mutagenic meat]
 12733 | D:14     | Gained mutation: You can breathe flames. [mutagenic meat]
 12742 | D:14     | Gained mutation: Potions and wands are less effective at restoring your health. [mutagenic meat]
 12751 | D:14     | Gained mutation: You have sharp fingernails. [mutagenic meat]
 13796 | Lair:1   | Entered Level 1 of the Lair of Beasts
 15968 | Lair:3   | Received a gift from Okawaru
 16251 | Lair:3   | Identified a scroll of acquirement
 16350 | Lair:4   | Found a staircase to the Swamp.
 16626 | Lair:4   | Found a labyrinth entrance.
 16639 | Lab      | Entered a labyrinth
 17525 | Lab      | Noticed a minotaur
 17535 | Lab      | Killed a minotaur
 17535 | Lab      | Reached skill level 14 in Shields
 17538 | Lab      | Got a bloodstained robe
 17907 | Lair:4   | Received a gift from Okawaru
 18335 | Lair:4   | Found a staircase to the Snake Pit.
 18442 | Snake:1  | Entered Level 1 of the Snake Pit
 18521 | Snake:1  | Reached skill level 10 in Fighting
 19165 | Snake:1  | Gained mutation: Your large and strong wings let you fly indefinitely. [Gargoyle growth]
 19165 | Snake:1  | Reached XP level 14. HP: 88/88 MP: 14/14
 19281 | Snake:1  | Received a gift from Okawaru
 19284 | Snake:1  | Got a scorched hat {god gift}
 19290 | Snake:1  | Identified the +3 hat of Sogax {Int+3} (Okawaru gifted it to you on level 1 of the Snake Pit)
 20669 | Snake:2  | Noticed a greater naga
 20686 | Snake:2  | Killed a greater naga
 20686 | Snake:2  | Reached skill level 15 in Shields
 21681 | Lair:5   | Got a wavering brass amulet
 21682 | Lair:5   | Identified the amulet of the Lost Runes {Stasis rElec SInv} (You found it on level 5 of the Lair of Beasts)
 22982 | Lair:7   | Received a gift from Okawaru
 23397 | Lair:7   | Reached skill level 10 in Armour
 23447 | Lair:7   | Reached XP level 15. HP: 85/93 MP: 13/15
 23587 | Lair:8   | Entered Level 8 of the Lair of Beasts
 23587 | Lair:8   | Noticed Kirke
 23612 | Lair:7   | Killed Kirke
 23612 | Lair:7   | Reached skill level 16 in Shields
 23680 | Lair:8   | Reached skill level 10 in Dodging
 23702 | Lair:8   | Received a gift from Okawaru
 24693 | Lair:8   | Found a runed door.
 24693 | Lair:8   | Found a viscous altar of Jiyva.
 24694 | Lair:8   | Found a staircase to the Slime Pits.
 25538 | Slime:1  | Entered Level 1 of the Pits of Slime
 25769 | Slime:1  | Noticed an acid blob
 26066 | Slime:2  | Killed an acid blob
 26066 | Slime:2  | Received a gift from Okawaru
 26290 | Slime:1  | Noticed an acid blob
 26301 | Slime:1  | Killed an acid blob
 26480 | Slime:2  | Got a spiked hat {god gift}
 26493 | Slime:1  | Identified the +2 hat "Iviyxeng" {rElec rCorr} (Okawaru gifted it to you on level 2 of the Pits of Slime)
 26624 | Slime:1  | Noticed an azure jelly
 26635 | Slime:1  | Killed an azure jelly
 26635 | Slime:1  | Reached skill level 17 in Shields
 26671 | Slime:1  | HP: 1/96 [titanic slime creature (78)]
 26690 | Slime:1  | Noticed an azure jelly
 26702 | Slime:1  | Reached XP level 16. HP: 8/101 MP: 2/16
 27006 | Slime:2  | Noticed an acid blob
 27020 | Slime:2  | Killed an acid blob
 27244 | Slime:1  | Killed an azure jelly
 27270 | Slime:1  | Mangled by an enormous slime creature

Action                   |  1- 3 |  4- 6 |  7- 9 | 10-12 | 13-15 | 16-18 || total
-------------------------+-------+-------+-------+-------+-------+-------++-------
Melee: Flail             |   170 |   296 |   389 |   114 |       |       ||   969
       Whip              |       |       |       |   758 |   363 |       ||  1121
       Eveningstar       |       |       |       |       |  1513 |    69 ||  1582
Throw: Javelin           |       |       |     1 |     6 |     5 |     1 ||    13
Evoke: Deck              |       |       |     7 |       |       |       ||     7
       Stone of tremors  |       |       |       |     1 |       |       ||     1
  Use: Potion            |       |     1 |     1 |     1 |    23 |       ||    26
       Scroll            |       |       |       |    10 |    29 |       ||    39
 Stab: Sleeping          |       |       |       |       |     3 |       ||     3
       Invisible         |       |       |       |       |     2 |       ||     2
       Distracted        |       |       |       |       |     1 |       ||     1
  Eat: Chunk             |       |     5 |    23 |    23 |    31 |       ||    82
       Bread ration      |       |     2 |       |     2 |     9 |       ||    13
       Fruit             |       |       |       |       |     1 |       ||     1
       Pizza             |       |       |       |       |       |     1 ||     1
